 Dungeon Crawl Stone Soup version 0.31.0-4-g52a2dc7128 (webtiles) character file.

Game seed: 17258159036473276663

147 Aviak the Poker (level 5, 0/37 (43) HPs)
             Began as a Gnoll Reaver on Jan 21, 2024.
             Slain by a gnoll
             ... wielding a +0 spear
              (6 damage)
             ... on level 3 of the Dungeon.
             The game lasted 00:04:33 (2254 turns).

Aviak the Poker (Gnoll Reaver)                      Turns: 2254, Time: 00:04:34

HP:   0/37 (43)     AC:  4    Str: 12    XL:     5   Next: 29%
MP:   12/12         EV: 17    Int: 14    God:
Gold: 145           SH:  0    Dex: 10    Spells: 8/14 levels left

rFire   . . .        n - +0 trident
rCold   . . .        (no shield)
rNeg    + . .        b - +0 leather armour
rPois   .            (no helmet)
rElec   .            d - +0 cloak
rCorr   .            (no gloves)
SInv    .            (no boots)
Will    +....        i - amulet of the acrobat
Stlth   +            E - +5 ring of evasion
HPRegen 0.26/turn    h - ring of positive energy
MPRegen 0.13/turn

%: acrobat
@: brilliant, enlightened, flying, heavily drained
A: fangs 1, strong nose, distributed training
a: no special abilities


You were on level 3 of the Dungeon.
You visited 1 branch of the dungeon, and saw 3 of its levels.

You collected 145 gold pieces.

Inventory:

Hand Weapons
 a - a +0 spear
 n - a +0 trident (weapon)
Armour
 b - a +0 leather armour (worn)
 d - a +0 cloak (worn)
Magical Staves
 g - a staff of death {rN+}
Jewellery
 c - an amulet of guardian spirit
 h - a ring of positive energy (right hand)
 i - an amulet of the acrobat (around neck)
 o - a ring of fire
 C - a ring of protection from cold
 E - a +5 ring of evasion (left hand)
Scrolls
 l - a scroll of teleportation {unknown}
 m - a scroll of amnesia {unknown}
Potions
 e - 2 potions of enlightenment
 k - a potion of curing {unknown}
 p - a potion of resistance {unknown}


   Skills:
 + Level 4.8 Fighting
 + Level 1.5 Short Blades
 + Level 1.5 Long Blades
 + Level 1.5 Axes
 + Level 1.5 Maces & Flails
 + Level 6.7 Polearms
 + Level 1.5 Staves
 + Level 1.5 Ranged Weapons
 + Level 1.5 Throwing
 + Level 1.5 Armour
 + Level 4.8 Dodging
 + Level 1.5 Stealth
 + Level 1.5 Shields
 + Level 1.5 Unarmed Combat
 + Level 5.2 Spellcasting
 + Level 5.5 Conjurations
 + Level 1.2 Hexes
 + Level 1.2 Summonings
 + Level 1.2 Necromancy
 + Level 1.2 Translocations
 + Level 1.2 Fire Magic
 + Level 1.2 Ice Magic
 + Level 1.2 Air Magic
 + Level 1.2 Earth Magic
 + Level 1.2 Alchemy
 + Level 1.7 Invocations
 + Level 1.5 Evocations
 + Level 1.3 Shapeshifting


You had 8 spell levels left.
You knew the following spells:

 Your Spells              Type           Power      Damage    Failure   Level
a - Kiss of Death         Conj/Necr      76%        2d11      5%          1
b - Momentum Strike       Conj/Tloc      38%        3d9       9%          2
c - Hailstorm             Conj/Ice       19%        3d7       16%         3

Your spell library contained the following spells:

 Spells                   Type           Power      Damage    Failure   Level


Dungeon Overview and Level Annotations

Branches:
Dungeon (3/15)

Altars:


Innate Abilities, Weirdness & Mutations

You have very sharp teeth.
Your uncanny sense of smell can sniff out nearby items.
Your experience applies equally to all skills.


Message History

You puncture the gnoll!
You kill the gnoll!
The gnoll barely misses you.
You barely miss the gnoll. The gnoll barely misses you.
You hit the gnoll.
The gnoll is moderately wounded.
The gnoll misses you.
You barely miss the gnoll. The gnoll barely misses you.
You barely miss the gnoll. Your bite misses the gnoll.
The gnoll hits you from afar with a +0 spear.
The gnoll hits you with a +0 club!
Casting: Kiss of Death (safe; 5% risk of failure)
Confirm with . or Enter, or press ? or * to list all spells.
Aiming: Kiss of Death (safe; 5% risk of failure)
Press: ? - help, Shift-Dir - straight line, f - gnoll
Aim: a gnoll, wielding a +0 club (100% to hit)
The negative energy hits the gnoll!
The gnoll is drained!
The gnoll is almost dead.
You feel drained. The gnoll closely misses you. The gnoll barely misses you.
You barely miss the gnoll. Your bite misses the gnoll.
The gnoll is almost dead.
The gnoll hits you from afar with a +0 spear.
The gnoll completely misses you.
You hit the gnoll.
You kill the gnoll!
The gnoll hits you from afar with a +0 spear.
You puncture the gnoll! You bite the gnoll.
The gnoll is almost dead.
The gnoll hits you but does no damage. The gnoll hits you with a +0 flail!
* * * LOW HITPOINT WARNING * * *
It was a potion of enlightenment.
You feel very buoyant.
You fly up into the air.
The gnoll hits you but does no damage. The gnoll misses you.
It was a potion of magic.
Magic courses through your body. The gnoll barely misses you.
The gnoll misses you.
It was a potion of brilliance.
You feel clever all of a sudden.
The gnoll hits you from afar with a +0 spear.
You die...

#.# #.# #.#
#.# ####...
#.####.......
#.#..........
#.#..........
#.#........#
#@#........##
#g#.##.......
#.g..........
###(##....#..
#.# ....# #.#
##### #.. ###


You could see 2 gnolls.

Vanquished Creatures
  2 adders
  5 gnolls (D:3)
  2 ribbon worms
  A dart slug (D:2)
  12 endoplasms
  3 giant cockroaches
  3 goblins
  10 hobgoblins
  4 jackals (D:1)
  2 quokkas
  6 ball pythons
  3 bats
  3 frilled lizards
  7 kobolds
  4 rats
67 creatures vanquished.

Notes
Turn   | Place    | Note
-------+----------+-------------------------------------------
     0 | D:1      | Aviak the Gnoll Reaver began the quest for the Orb.
     0 | D:1      | Reached XP level 1. HP: 20/20 MP: 6/6
   158 | D:1      | Reached XP level 2. HP: 23/26 MP: 7/7
   436 | D:1      | Found a faded altar of an unknown god.
   492 | D:1      | Reached skill level 5 in Spellcasting
   492 | D:1      | Reached XP level 3. HP: 31/31 MP: 7/9
   803 | D:2      | Reached skill level 1 in Invocations
   814 | D:2      | Learned a level 2 spell: Momentum Strike
   818 | D:2      | Learned a level 3 spell: Hailstorm
   863 | D:2      | Reached skill level 1 in Short Blades
   863 | D:2      | Reached skill level 1 in Long Blades
   863 | D:2      | Reached skill level 1 in Axes
   863 | D:2      | Reached skill level 1 in Maces & Flails
   863 | D:2      | Reached skill level 1 in Staves
   863 | D:2      | Reached skill level 1 in Ranged Weapons
   863 | D:2      | Reached skill level 1 in Throwing
   863 | D:2      | Reached skill level 1 in Armour
   863 | D:2      | Reached skill level 1 in Stealth
   863 | D:2      | Reached skill level 1 in Shields
   863 | D:2      | Reached skill level 1 in Unarmed Combat
   863 | D:2      | Reached skill level 1 in Evocations
  1142 | D:2      | Reached skill level 1 in Shapeshifting
  1142 | D:2      | Reached XP level 4. HP: 37/37 MP: 11/11
  1909 | D:3      | Reached skill level 1 in Hexes
  1909 | D:3      | Reached skill level 1 in Summonings
  1909 | D:3      | Reached skill level 1 in Necromancy
  1909 | D:3      | Reached skill level 1 in Translocations
  1909 | D:3      | Reached skill level 1 in Fire Magic
  1909 | D:3      | Reached skill level 1 in Ice Magic
  1909 | D:3      | Reached skill level 1 in Air Magic
  1909 | D:3      | Reached skill level 1 in Earth Magic
  1909 | D:3      | Reached skill level 1 in Alchemy
  2085 | D:3      | Reached XP level 5. HP: 41/43 MP: 12/12
  2254 | D:3      | Slain by a gnoll

Illustrated notes

Levels and vault maps discovered:
D:1:      heliophobic_arrival_dark_side_of_the_moon, layout_basic,
          shapermc_ecumenical_altar_ellora
D:2:      layout_basic, kennysheep_cluttered_room, grunt_ministairs_8
D:3:      layout_basic

Skill      XL: |  1  2  3  4 |
---------------+-------------+-----
Spellcasting   | 5 |  5.2
Invocations    | 1 |  1.7
Short Blades   | 1 |  1.5
Long Blades    | 1 |  1.5
Axes           | 1 |  1.5
Maces & Flails | 1 |  1.5
Staves         | 1 |  1.5
Ranged Weapons | 1 |  1.5
Throwing       | 1 |  1.5
Armour         | 1 |  1.5
Stealth        | 1 |  1.5
Shields        | 1 |  1.5
Unarmed Combat | 1 |  1.5
Evocations     | 1 |  1.5
Shapeshifting  | 1 |  1.3
Hexes          | 1 |  1.2
Summonings     | 1 |  1.2
Necromancy     | 1 |  1.2
Translocations | 1 |  1.2
Fire Magic     | 1 |  1.2
Ice Magic      | 1 |  1.2
Air Magic      | 1 |  1.2
Earth Magic    | 1 |  1.2
Alchemy        | 1 |  1.2
Fighting       | |  4.8
Polearms       | |  6.7
Dodging        | |  4.8
Conjurations   | |  5.5

Action                     |  1- 3 |  4- 6 || total
---------------------------+-------+-------++-------
  Melee: Spear             |   149 |    34 ||   183
         Bite              |    10 |    10 ||    20
         Trident           |       |    94 ||    94
   Cast: Kiss of Death     |     1 |     1 ||     2
    Use: Potion            |       |     3 ||     3
   Stab: Sleeping          |     2 |       ||     2
 Armour: Leather armour    |    39 |    37 ||    76
  Dodge: Dodged            |    83 |    80 ||   163
